 Dungeon Crawl Stone Soup version 0.28-a0-1518-gbe868bca14 (webtiles) character file.

Game seed: 876235791554736115

3720 comborobin the Covert (level 10, -2/77 HPs)
             Began as a Gnoll Brigand on Jan 17, 2022.
             Was a Priest of Cheibriados.
             Slain by an orc warrior (13 damage)
             ... in a bailey.
             The game lasted 00:10:52 (9341 turns).

comborobin the Covert (Gnoll Brigand)               Turns: 9341, Time: 00:10:52

Health: -2/77      AC: 11    Str: 18    XL:     10   Next: 14%
Magic:  15/17      EV: 14    Int: 23    God:    Cheibriados [***...]
Gold:   422        SH:  6    Dex: 22    Spells: 17/19 levels left

rFire   . . .      SeeInvis .   b - +0 hand axe (pain)
rCold   . . .      Faith    .   u - +0 buckler
rNeg    . . .      Spirit   .   B - +0 ring mail
rPois   +          Reflect  .   n - +0 helmet
rElec   .          Harm     .   c - +0 cloak
rCorr   .          Rampage  .   r - +0 pair of gloves
Will    +....                   D - +0 pair of boots
Stlth   ++++......              f - amulet of regeneration
HPRegen 1.02/turn               k - ring of poison resistance
MPRegen 0.15/turn               s - ring of willpower

@: about to teleport, very slow
A: fangs 1, strong nose, distributed training, MP-powered wands
a: Renounce Religion, Bend Time, Temporal Distortion


You were in a bailey.
You worshipped Cheibriados.
Cheibriados was most pleased with you.
You visited 2 branches of the dungeon, and saw 9 of its levels.
You also visited: Bailey.

You collected 497 gold pieces.
You spent 75 gold pieces at shops.

Inventory:

Hand Weapons
 a - the +5 dagger of Dixuopu {vorpal, Int+4}
   (You found it on level 5 of the Dungeon)

   It inflicts extra damage upon your enemies.
   Int:       It affects your intelligence (+4).
 b - a +0 hand axe of pain (weapon)
 g - a +0 short sword
 v - a +2 dagger
 A - a +2 short sword of draining
Missiles
 d - 15 poisoned darts (quivered)
 x - 5 boomerangs of dispersal
 C - a throwing net
 E - 5 boomerangs
 G - 2 javelins
Armour
 c - a +0 cloak (worn)
 i - a +0 robe
 n - a +0 helmet (worn)
 r - a +0 pair of gloves (worn)
 u - a +0 buckler (worn)
 y - a +0 tower shield
 B - a +0 ring mail (worn)
 D - a +0 pair of boots (worn)
Jewellery
 f - an amulet of regeneration (around neck)
 j - an amulet of guardian spirit
 k - a ring of poison resistance (left hand)
 s - a ring of willpower (right hand)
Wands
 h - a wand of paralysis (9)
Scrolls
 o - 2 scrolls of magic mapping
 t - a scroll of noise
 z - a scroll of identify
Potions
 l - a potion of attraction
 m - a potion of haste
 q - 2 potions of lignification
 w - 2 potions of cancellation
 F - a potion of mutation


   Skills:
 + Level 6.8 Fighting
 + Level 6.8 Short Blades
 + Level 5.0 Long Blades
 + Level 5.0 Axes
 + Level 5.0 Maces & Flails
 + Level 5.0 Polearms
 + Level 5.0 Staves
 + Level 5.0 Slings
 + Level 5.0 Bows
 + Level 5.0 Crossbows
 + Level 6.8 Throwing
 + Level 5.0 Armour
 + Level 5.7 Dodging
 + Level 9.3 Stealth
 + Level 5.0 Shields
 + Level 5.0 Unarmed Combat
 + Level 5.0 Spellcasting
 + Level 4.1 Conjurations
 + Level 4.1 Hexes
 + Level 4.1 Summonings
 + Level 4.1 Necromancy
 + Level 4.1 Translocations
 + Level 4.1 Transmutations
 + Level 4.1 Fire Magic
 + Level 4.1 Ice Magic
 + Level 4.1 Air Magic
 + Level 4.1 Earth Magic
 + Level 4.1 Poison Magic
 + Level 5.5 Invocations
 + Level 5.0 Evocations


You had 17 spell levels left.
You knew the following spells:

 Your Spells              Type           Power      Damage    Failure   Level
a - Static Discharge      Conj/Air       24%        N/A       6%          2

Your spell library contained the following spells:

 Spells                   Type           Power      Damage    Failure   Level
 Dispel Undead            Necr           24%        3d12      36%         4
 Sticky Flame             Conj/Fire      24%        2d5       36%         4


Dungeon Overview and Level Annotations

Branches:
Dungeon (8/15)             Temple (1/1) D:4          Bailey (1/1)
   Lair: D:8-11

Altars:
Ashenzari
Cheibriados
Elyvilon
Fedhas
Gozag
Kikubaaqudgha
Makhleb
Okawaru
Qazlal
Ru
Sif Muna
Trog
Uskayaw
Vehumet
Wu Jian
Xom
Zin
The Shining One

Shops:
D:3 ?   D:8 *

Annotations:
D:3 3 runed translucent doors, exclusion: statue, Clumpoid's ghost, amateur GnFi
D:7 2 transporters, Orangeyouglad's ghost, novice DsNe


Innate Abilities, Weirdness & Mutations

You have very sharp teeth.
Your uncanny sense of smell can sniff out nearby items.
Your experience applies equally to all skills.
You expend magic power (3 MP) to strengthen your wands.


Message History

You barely miss the orc warrior.
The orc warrior hits you with a +0 halberd!
The orc misses you. You block the orc's attack.
The orc warrior hits you with a +0 halberd!
The orc warrior shouts!
You hit the orc warrior but do no damage.
The orc warrior writhes in agony.
The orc warrior is lightly wounded.
The orc hits you from afar with a +0 halberd.
The orc warrior barely misses you.
You are too injured to fight recklessly!
You hit the orc warrior.
The orc warrior is heavily wounded.
The orc barely misses you.
Casting: Static Discharge (safe; 6% risk of failure)
Confirm with . or Enter, or press ? or * to list all spells.
Okay, then.
Unknown command.
Casting: Static Discharge (safe; 6% risk of failure)
Confirm with . or Enter, or press ? or * to list all spells.
The orc warrior is struck by an arc of lightning!
The orc warrior is severely wounded.
The lightning grounds out.
The orc misses you.
The orc warrior hits you from afar with a +0 glaive!
* * * LOW HITPOINT WARNING * * *
You block the orc warrior's attack.
Unknown command.
As you read the scroll of teleportation, it crumbles to dust.
You feel strangely unstable. You block the orc's attack.
You block the orc warrior's attack.
The orc warrior hits you with a +0 halberd.
* * * LOW HITPOINT WARNING * * *
You feel better. The orc hits you but does no damage.
The orc warrior hits you from afar with a +0 glaive!
* * * LOW HITPOINT WARNING * * *
The orc warrior hits you with a +0 halberd!
* * * LOW HITPOINT WARNING * * *
You feel better. You block the orc's attack. The orc warrior barely misses you.
The orc warrior hits you with a +0 halberd!
You die...

≈.≈≈.≈.≈.≈≈.≈..'..≈#
≈.≈.≈≈.≈≈.≈.≈≈.#..≈#
.≈≈.≈...≈.≈≈.≈.#..≈#
.≈.≈≈...≈≈.≈.≈.#..≈#
.≈.≈.⌠∩⌠.≈.≈.≈.#..≈#
.≈.≈..∩).≈.≈.≈.#))≈#
.≈.≈.)∩).≈.≈.≈.#..≈#
.≈.≈≈)..≈≈.≈.≈.#..≈#
.≈≈.≈...≈.≈≈.≈.#@o≈#
≈.≈.≈≈≈≈≈.≈.≈≈.#..≈#
≈.≈≈.....≈≈.≈.##oo≈#
≈≈.≈≈≈.≈≈≈.≈≈.#⌠o.≈#
.≈≈..≈.≈..≈≈..#...≈#
⌠.≈≈≈...≈≈≈.⌠.#...≈#
....≈≈≈≈≈....##...≈#
####.....#####....≈#
#######


You could see 2 orc warriors and 2 orcs.

Vanquished Creatures
  Grinder (D:5)
  A wraith (D:5)
  Sigmund (D:3)
  Menkaure (D:5)
  2 water moccasins (D:5)
  Duvessa (D:5)
  An orc warrior (Bailey)
  An ice beast (D:6)
  A black bear (D:3)
  2 ogres
  3 sky beasts
  4 centaurs
  A bullfrog (D:6)
  Blork the orc (D:6)
  6 scorpions
  Dowan (D:5)
  5 killer bees
  A centaur zombie (D:5)
  A howler monkey (D:5)
  6 jellies
  3 orc priests
  Ijyb (D:4)
  3 bullfrog skeletons
  2 hounds
  Terence (D:3)
  5 orc wizards
  A killer bee zombie (D:7)
  A hound zombie (D:5)
  2 howler monkey zombies
  A gnoll (D:5)
  A howler monkey skeleton (D:6)
  11 adders
  A white imp (D:7)
  An ufetubus (D:5)
  An adder skeleton (D:5)
  A worm (D:4)
  A dart slug (D:5)
  27 orcs
  6 ball pythons
  4 bats
  6 endoplasms
  A giant cockroach (D:2)
  8 goblins
  3 hobgoblins
  7 jackals
  A quokka (D:3)
  2 frilled lizards (D:2)
  2 kobolds (D:4)
  6 rats
151 creatures vanquished.

Notes
Turn   | Place    | Note
-------+----------+-------------------------------------------
     0 | D:1      | comborobin the Gnoll Brigand began the quest for the Orb.
     0 | D:1      | Reached XP level 1. HP: 20/20 MP: 1/1
   281 | D:1      | Reached XP level 2. HP: 21/26 MP: 2/2
   380 | D:1      | Found a faded altar of an unknown god.
   462 | D:1      | Gained mutation: You expend magic power (3 MP) to
                  | strengthen your wands. [potion of mutation]
   993 | D:2      | Reached XP level 3. HP: 21/31 MP: 3/3
  1178 | D:2      | Noticed an ogre
  1197 | D:2      | Killed an ogre
  1198 | D:2      | Reached skill level 1 in Long Blades
  1198 | D:2      | Reached skill level 1 in Axes
  1198 | D:2      | Reached skill level 1 in Maces & Flails
  1198 | D:2      | Reached skill level 1 in Polearms
  1198 | D:2      | Reached skill level 1 in Staves
  1198 | D:2      | Reached skill level 1 in Slings
  1198 | D:2      | Reached skill level 1 in Bows
  1198 | D:2      | Reached skill level 1 in Crossbows
  1198 | D:2      | Reached skill level 1 in Armour
  1198 | D:2      | Reached skill level 1 in Shields
  1198 | D:2      | Reached skill level 1 in Unarmed Combat
  1198 | D:2      | Reached skill level 1 in Spellcasting
  1198 | D:2      | Reached skill level 1 in Conjurations
  1198 | D:2      | Reached skill level 1 in Hexes
  1198 | D:2      | Reached skill level 1 in Summonings
  1198 | D:2      | Reached skill level 1 in Necromancy
  1198 | D:2      | Reached skill level 1 in Translocations
  1198 | D:2      | Reached skill level 1 in Transmutations
  1198 | D:2      | Reached skill level 1 in Fire Magic
  1198 | D:2      | Reached skill level 1 in Ice Magic
  1198 | D:2      | Reached skill level 1 in Air Magic
  1198 | D:2      | Reached skill level 1 in Earth Magic
  1198 | D:2      | Reached skill level 1 in Poison Magic
  1198 | D:2      | Reached skill level 1 in Invocations
  1198 | D:2      | Reached skill level 1 in Evocations
  1198 | D:2      | Reached XP level 4. HP: 38/38 MP: 4/6
  1198 | D:2      | Reached XP level 5. HP: 43/43 MP: 4/7
  1349 | D:2      | Found a burning altar of Makhleb.
  1723 | D:3      | Noticed Terence
  1731 | D:3      | Killed Terence
  1858 | D:3      | Reached skill level 8 in Stealth
  1946 | D:3      | Found an iron altar of Okawaru.
  1989 | D:3      | Found a runed translucent gate.
  1990 | D:3      | Found a runed translucent gate.
  1991 | D:3      | Found a runed translucent gate.
  1993 | D:3      | Noticed Clumpoid's ghost (amateur GnFi)
  2034 | D:3      | Found an ancient bone altar of Kikubaaqudgha.
  2084 | D:3      | Found an ornate altar of the Wu Jian Council.
  2116 | D:3      | Noticed a black bear
  2121 | D:3      | Killed a black bear
  2122 | D:3      | Reached skill level 5 in Fighting
  2122 | D:3      | Reached skill level 5 in Short Blades
  2122 | D:3      | Reached skill level 5 in Throwing
  2122 | D:3      | Reached XP level 6. HP: 51/51 MP: 7/9
  2154 | D:3      | Found Kyluc's Magic Scroll Shoppe.
  2356 | D:3      | Bought a scroll of vulnerability for 75 gold pieces
  2384 | D:3      | Noticed Sigmund
  2386 | D:3      | Found a radiant altar of Vehumet.
  2388 | D:3      | Killed Sigmund
  2389 | D:3      | Reached XP level 7. HP: 56/56 MP: 10/10
  2712 | D:4      | Found a broken altar of Ashenzari.
  2760 | D:4      | Found a staircase to the Ecumenical Temple.
  3002 | Temple   | Entered the Ecumenical Temple
  3053 | Temple   | Became a worshipper of Cheibriados the Contemplative
  3180 | D:4      | Noticed Ijyb
  3198 | D:4      | Killed Ijyb
  3271 | D:4      | You fall into a shaft and drop 1 floor!
  3271 | D:5      | Entered Level 5 of the Dungeon
  3281 | D:5      | Reached XP level 8. HP: 53/63 MP: 7/12
  3384 | D:5      | Noticed Grinder
  3400 | D:5      | Killed Grinder
  3832 | D:4      | Found a hide-covered altar of Uskayaw.
  4130 | D:5      | Found an opulent altar of Gozag.
  4180 | D:5      | Noticed Dowan
  4186 | D:5      | Noticed Duvessa
  4194 | D:5      | Killed Duvessa
  4197 | D:5      | Killed Dowan
  4420 | D:5      | Found a glowing golden altar of the Shining One.
  4452 | D:5      | Found a sacrificial altar of Ru.
  4995 | D:5      | Reached * piety under Cheibriados
  5084 | D:5      | Reached XP level 9. HP: 47/69 MP: 10/14
  5321 | D:5      | Identified the +5 dagger of Dixuopu {vorpal, Int+4}
  6114 | D:6      | Noticed Menkaure
  6123 | D:5      | Reached ** piety under Cheibriados
  6124 | D:5      | Reached skill level 5 in Dodging
  6213 | D:5      | Reached skill level 9 in Stealth
  6369 | D:5      | Killed Menkaure
  6505 | D:6      | Noticed Blork the orc
  6958 | D:6      | Reached skill level 5 in Invocations
  7605 | D:6      | Killed Blork the orc
  8347 | D:7      | Found a transporter.
  8355 | D:7      | Noticed Orangeyouglad's ghost (novice DsNe)
  8359 | D:7      | Found a transporter.
  8428 | D:7      | Reached *** piety under Cheibriados
  8441 | D:7      | Reached XP level 10. HP: 47/77 MP: 17/17
  8543 | D:7      | Found a white marble altar of Elyvilon.
  8938 | D:8      | Found Xuintat's General Store.
  9004 | D:8      | Found a flagged portal.
  9041 | D:8      | Learned a level 2 spell: Static Discharge
  9043 | Bailey   | Entered a bailey
  9259 | Bailey   | Reached skill level 5 in Long Blades
  9259 | Bailey   | Reached skill level 5 in Axes
  9259 | Bailey   | Reached skill level 5 in Maces & Flails
  9259 | Bailey   | Reached skill level 5 in Polearms
  9259 | Bailey   | Reached skill level 5 in Staves
  9259 | Bailey   | Reached skill level 5 in Slings
  9259 | Bailey   | Reached skill level 5 in Bows
  9259 | Bailey   | Reached skill level 5 in Crossbows
  9259 | Bailey   | Reached skill level 5 in Armour
  9259 | Bailey   | Reached skill level 5 in Shields
  9259 | Bailey   | Reached skill level 5 in Unarmed Combat
  9259 | Bailey   | Reached skill level 5 in Spellcasting
  9259 | Bailey   | Reached skill level 5 in Evocations
  9340 | Bailey   | HP: 2/77 [orc warrior (10)]
  9341 | Bailey   | Slain by an orc warrior

Illustrated notes

Levels and vault maps discovered:
D:1:      mrwooster_arrival_arrow, layout_loops_corners,
          shapermc_ecumenical_altar_hornbeckon, minmay_tetromino_s4
D:2:      layout_rooms, basic_altar
D:3:      layout_rooms, mainiacjoe_overflow_tiny_flanked, lemuel_crystal_altar,
          vehumet_statue, mainiacjoe_overflow_chevrons, serial_shops,
          nicolae_shop_advertising_works [nicolae_subvault_shop_adworks],
          gammafunk_ghost_split, uniq_sigmund, uniq_terence
D:4:      layout_cave_pools, mainiacjoe_overflow_paths,
          ashenzari_conservatory_becter, minmay_temple_entry_grid, uniq_ijyb
D:5:      kennysheep_windowed_halls, layout_loops_ring,
          nicolae_gozag_seed_capital, nicolae_tso_swordbearing_angel,
          nicolae_ru_sacrificial_ziggurat, roderic_filled_cross, uniq_grinder,
          uniq_duvessa
D:6:      layout_gridville, kennysheep_generic_room_8, uniq_menkaure,
          uniq_blork_the_orc
D:7:      layout_cave_pools, nicolae_elyvilon_peaceful_grove,
          gammafunk_ghost_hive
D:8:      layout_basic, serial_shops, nicolae_diamond_shop, enter_bailey_5
Temple:   compressed_dpeg_triangle_lava_temple
Bailey:   bailey_polearm_flooded_kennysheep, bailey

Skill      XL: |  1  2  3  4  5  6  7  8  9 10 |
---------------+-------------------------------+-----
Long Blades    | 1 2 3 4 5 |  5.0
Axes           | 1 2 3 4 5 |  5.0
Maces & Flails | 1 2 3 4 5 |  5.0
Polearms       | 1 2 3 4 5 |  5.0
Staves         | 1 2 3 4 5 |  5.0
Slings         | 1 2 3 4 5 |  5.0
Bows           | 1 2 3 4 5 |  5.0
Crossbows      | 1 2 3 4 5 |  5.0
Armour         | 1 2 3 4 5 |  5.0
Shields        | 1 2 3 4 5 |  5.0
Unarmed Combat | 1 2 3 4 5 |  5.0
Spellcasting   | 1 2 3 4 5 |  5.0
Conjurations   | 1 2 3 4 |  4.1
Hexes          | 1 2 3 4 |  4.1
Summonings     | 1 2 3 4 |  4.1
Necromancy     | 1 2 3 4 |  4.1
Translocations | 1 2 3 4 |  4.1
Transmutations | 1 2 3 4 |  4.1
Fire Magic     | 1 2 3 4 |  4.1
Ice Magic      | 1 2 3 4 |  4.1
Air Magic      | 1 2 3 4 |  4.1
Earth Magic    | 1 2 3 4 |  4.1
Poison Magic   | 1 2 3 4 |  4.1
Invocations    | 1 2 3 4 5 |  5.5
Evocations     | 1 2 3 4 5 |  5.0
Dodging        | 3 4 5 |  5.7
Stealth        | 8 9 |  9.3
Fighting       | 5 6 |  6.8
Short Blades   | 5 6 |  6.8
Throwing       | 5 6 |  6.8

Action                   |  1- 3 |  4- 6 |  7- 9 | 10-12 || total
-------------------------+-------+-------+-------+-------++-------
Melee: Dagger            |    64 |    71 |   172 |    42 ||   349
       Bite              |     6 |     3 |    54 |    12 ||    75
       Punch             |       |     1 |       |       ||     1
       Short sword       |       |       |   196 |       ||   196
       Unarmed           |       |       |    42 |       ||    42
       Hand axe          |       |       |    18 |    40 ||    58
Throw: Dart              |     7 |     2 |     2 |       ||    11
 Cast: Static Discharge  |       |       |       |     4 ||     4
Evoke: Wand              |       |       |    11 |       ||    11
  Use: Potion            |     2 |       |     8 |     3 ||    13
       Scroll            |       |       |    12 |     4 ||    16
 Stab: Sleeping          |     5 |    10 |     4 |       ||    19
       Paralysed         |       |       |     6 |       ||     6
       Distracted        |       |       |     1 |       ||     1
Armor: Robe              |    16 |    19 |    50 |       ||    85
       Ring mail         |       |       |    57 |    36 ||    93
       Skin              |       |       |    14 |       ||    14
Dodge: Dodged            |    43 |    28 |   242 |    82 ||   395
Block: Buckler           |       |       |   115 |    49 ||   164

Table legend: (Time is in decaauts)
 A = Elapsed time spent in this place.
 B = Non-inter-level travel time spent in this place.
 C = Inter-level travel time spent in this place.
 D = Time resting spent in this place.
 E = Time spent auto-exploring this place.
 F = Levels seen in this place.
 G = Mean time per level.
                   A        B        C        D        E       F      G
               +--------+--------+--------+--------+--------+-----+--------+
         Total |  10650 |   9721 |    929 |   1978 |   5932 |  10 | 1065.0 |
       Dungeon |  10242 |   9327 |    915 |   1862 |   5794 |   8 | 1280.2 |
        Temple |     55 |     41 |     14 |      0 |     35 |   1 |   55.0 |
        Bailey |    353 |    353 |      0 |    116 |    103 |   1 |  353.0 |
               +--------+--------+--------+--------+--------+-----+--------+

Top non-repeatable levels by time:
     D:5: 2971 daAuts
     D:6: 2291 daAuts
     D:4: 1247 daAuts
     D:1: 980 daAuts
     D:7: 921 daAuts
     D:3: 906 daAuts
     D:2: 726 daAuts
  Bailey: 353 daAuts
     D:8: 197 daAuts
  Temple: 55 daAuts
